 Dungeon Crawl Stone Soup version 0.26-a0-808-g930a2b7adc (webtiles) character file.

Game seed: 8565982397496429078

1108 Kinoniko the Spear-Bearer (level 8, -5/58 HPs)
             Began as a Demonspawn Berserker on Nov 12, 2020.
             Was an Elder of Trog.
             Killed by divine providence
             ... invoked by an orc priest
              (13 damage)
             ... on level 6 of the Dungeon.
             The game lasted 00:05:43 (5589 turns).

Kinoniko the Spear-Bearer (Demonspawn Berserker)    Turns: 5589, Time: 00:05:44

Health: -5/58      AC: 10    Str: 19    XL:     8   Next: 11%
Magic:  8/8        EV: 10    Int:  9    God:    Trog [****..]
Gold:   220        SH:  0    Dex: 13    Spells: 7/7 levels left

rFire    . . .     SeeInvis .   n - +1 trident
rCold    . . .     Faith    +   (no shield)
rNeg     + . .     Spirit   .   i - +0 scale mail
rPois    .         Reflect  .   f - +0 helmet
rElec    .         Harm     .   (no cloak)
rCorr    .         Rampage  .   (no gloves)
MR       .....                  (no boots)
Stlth    ..........             k - amulet of faith
HPRegen  0.19/turn              p - ring of positive energy
MPRegen  0.11/turn              (no ring)

@: berserk cooldown, slowed, very slow
A: talons 1, yellow scales 2, rot immunity
a: Berserk, Trog's Hand, Brothers in Arms, Renounce Religion


You were on level 6 of the Dungeon.
You worshipped Trog.
Trog was greatly pleased with you.
You visited 1 branch of the dungeon, and saw 6 of its levels.

You collected 220 gold pieces.

Inventory:

Hand Weapons
 n - a +1 trident (weapon)
 q - a +0 spear
Armour
 b - a +0 animal skin
 f - a +0 helmet (worn)
 i - a +0 scale mail (worn)
Jewellery
 k - an amulet of faith (around neck)
 p - a ring of positive energy (left hand)
Scrolls
 d - 3 scrolls of teleportation
 l - 9 scrolls of identify
 m - a scroll of silence {unknown}
 r - a scroll of remove curse
 s - a scroll of magic mapping
Potions
 a - 5 potions of curing {unknown}
 c - a potion of flight {unknown}
 e - 2 potions of resistance {unknown}
 g - a potion of degeneration {unknown}
 h - 4 potions of haste
 j - 2 potions of heal wounds {unknown}
 o - a potion of mutation {unknown}
 t - a potion of cancellation {unknown}


   Skills:
 - Level 3.0 Fighting
 * Level 9.2 Polearms
 - Level 1.7 Armour
 - Level 1.7 Dodging


You had 7 spell levels left.
You didn't know any spells.
Your spell library was empty.

Dungeon Overview and Level Annotations

Branches:
Dungeon (6/15)
 Temple: D:4-7

Altars:
Dithmenos
Gozag
Hepliaklqana

Shops:
D:3 *

Annotations:
D:6 Prince Ribbit


Innate Abilities, Weirdness & Mutations

You have sharp toenails.
You are mostly covered in yellow scales. (AC +3)
You are immune to rotting.


Message History

Prince Ribbit blinks!
The orc barely misses you.
Prince Ribbit mumbles some strange words.
Prince Ribbit looks slightly unstable.
You barely miss Prince Ribbit.
Prince Ribbit is almost dead.
Prince Ribbit hits you. The orc hits you.
The orc priest casts a cantrip, but nothing happens.
The wyvern skeleton bites you. Prince Ribbit hits you!
* * * LOW HITPOINT WARNING * * *
The orc barely misses you.
Prince Ribbit disappears!
The orc misses you. The wyvern skeleton barely misses you.
There is a stone staircase leading up here.
The wyvern skeleton bites you.
* * * LOW HITPOINT WARNING * * *
The orc hits you but does no damage.
The orc priest invokes the aid of Beogh against you.
Beogh smites you!
You die...

#.. ##..# ..#####
#...##
.#....##..."#
............# .#
##...(..... ....
##.....†..##...^.
#....###........#
.##....!#Z@....####
.........o##...#
..###....# #....#
#.....# ......
##o.#..# (.#...
....#..........
.................
#.....#........
#.....##.......


You could see an orc priest, an orc and a wyvern skeleton.

Vanquished Creatures
  Eustachio (D:4)
  Sigmund (D:4)
  2 ogres
  2 howler monkeys
  A bullfrog zombie (D:5)
  A quasit (D:6)
  An orc priest (D:5)
  A hound (D:4)
  An orc wizard (D:5)
  6 worker ants
  2 iguanas (D:5)
  A killer bee zombie (D:6)
  A hound skeleton (D:5)
  Robin (D:3)
  5 adders
  2 white imps (D:5)
  3 oozes
  A dart slug (D:3)
  4 leopard geckos
  6 orcs
  7 bats
  9 giant cockroaches
  18 goblins
  6 hobgoblins
  13 jackals
  2 kobolds (D:2)
  A quokka (D:3)
  A ball python (D:1)
  A ball python skeleton (D:4)
  3 frilled lizards
  3 quokka skeletons
  A quokka zombie (D:5)
  5 rats
113 creatures vanquished.

Notes
Turn   | Place    | Note
-------+----------+-------------------------------------------
     0 | D:1      | Kinoniko the Demonspawn Berserker began the quest for the
                  | Orb.
     0 | D:1      | Reached XP level 1. HP: 18/18 MP: 1/1
    35 | D:1      | Reached skill level 3 in Polearms
   106 | D:1      | Gained mutation: You are immune to rotting. [demonic
                  | ancestry]
   106 | D:1      | Reached XP level 2. HP: 20/24 MP: 2/2
  1154 | D:2      | Reached XP level 3. HP: 8/29 MP: 3/3
  1576 | D:2      | Reached skill level 4 in Polearms
  1656 | D:2      | Reached ** piety under Trog
  1919 | D:2      | Gained mutation: You are partially covered in yellow
                  | scales. (AC +2) [demonic ancestry]
  1919 | D:2      | Reached XP level 4. HP: 35/35 MP: 4/4
  2579 | D:3      | Found an opulent altar of Gozag.
  2583 | D:3      | Noticed Robin
  2602 | D:3      | Killed Robin
  2602 | D:3      | Reached skill level 5 in Polearms
  2641 | D:3      | Found Gozag's Platinum Reserve.
  2957 | D:3      | Reached XP level 5. HP: 40/41 MP: 5/5
  3158 | D:3      | Found a hazy altar of Hepliaklqana.
  3159 | D:3      | Found a shadowy altar of Dithmenos.
  3159 | D:3      | Noticed a shadow
  3482 | D:4      | Noticed an ogre
  3488 | D:4      | Killed an ogre
  3488 | D:4      | Reached skill level 6 in Polearms
  3565 | D:4      | Noticed Sigmund
  3573 | D:4      | Killed Sigmund
  3573 | D:4      | Reached *** piety under Trog
  3573 | D:4      | Reached XP level 6. HP: 47/47 MP: 6/6
  3881 | D:4      | Reached skill level 7 in Polearms
  4219 | D:4      | Noticed Eustachio
  4235 | D:4      | Killed Eustachio
  4235 | D:4      | Gained mutation: You are mostly covered in yellow scales.
                  | (AC +3) [demonic ancestry]
  4235 | D:4      | Reached XP level 7. HP: 52/52 MP: 7/7
  4538 | D:5      | Entered Level 5 of the Dungeon
  4565 | D:5      | Reached skill level 8 in Polearms
  5377 | D:5      | Reached skill level 9 in Polearms
  5377 | D:5      | Gained mutation: You have sharp toenails. [demonic
                  | ancestry]
  5377 | D:5      | Reached XP level 8. HP: 51/58 MP: 8/8
  5551 | D:6      | Reached **** piety under Trog
  5566 | D:6      | Noticed Prince Ribbit
  5589 | D:6      | Killed from afar by an orc priest

Illustrated notes

Levels and vault maps discovered:
D:1:      minmay_arrival_four_circles, layout_basic
D:2:      layout_rooms, glass_columns_a
D:3:      layout_basic, riverfiend_overflow_shadow_ancestor,
          nicolae_gozag_zags_fifth_avenue, uniq_robin
D:4:      layout_basic, uniq_sigmund, uniq_eustachio
D:5:      layout_loops_corners
D:6:      layout_cave_pools, temple_pool_b, serial_shops, shop, basic_altar,
          uniq_blork_the_orc, uniq_crazy_yiuf_cottage, uniq_prince_ribbit1

Skill      XL: |  1  2  3  4  5  6  7 |
---------------+----------------------+-----
Polearms       | 3 4 5 6 7 9 |  9.2
Fighting       | |  3.0
Armour         | |  1.7
Dodging        | |  1.7

Action                   |  1- 3 |  4- 6 |  7- 9 || total
-------------------------+-------+-------+-------++-------
Melee: Spear             |   125 |   190 |    44 ||   359
       Trident           |       |       |    91 ||    91
       Kick              |       |       |    10 ||    10
Invok: Berserk           |     3 |     8 |     7 ||    18
  Use: Scroll            |       |     6 |     1 ||     7
 Stab: Sleeping          |     2 |       |       ||     2
Armor: Animal skin       |     6 |       |       ||     6
       Scale mail        |    16 |    55 |    50 ||   121
Dodge: Dodged            |    84 |    75 |    45 ||   204

Table legend: (Time is in decaauts)
 A = Elapsed time spent in this place.
 B = Non-inter-level travel time spent in this place.
 C = Inter-level travel time spent in this place.
 D = Time resting spent in this place.
 E = Time spent auto-exploring this place.
 F = Levels seen in this place.
 G = Mean time per level.
                   A        B        C        D        E       F      G
               +--------+--------+--------+--------+--------+-----+--------+
         Total |   5660 |   5501 |    159 |   1779 |   2991 |   6 |  943.3 |
       Dungeon |   5660 |   5501 |    159 |   1779 |   2991 |   6 |  943.3 |
               +--------+--------+--------+--------+--------+-----+--------+

Top non-repeatable levels by time:
     D:3: 1436 daAuts
     D:1: 1413 daAuts
     D:4: 1077 daAuts
     D:5: 1021 daAuts
     D:2: 667 daAuts
     D:6: 42 daAuts
